 Dungeon Crawl Stone Soup version 0.28-a0-664-gc179e30c89 (webtiles) character file.

Game seed: 11318152313520120334

11 KristoblXynda the Ducker (level 2, 0/15 HPs)
             Began as a Spriggan Gladiator on Oct 15, 2021.
             Slain by a quokka (3 damage)
             ... on level 1 of the Dungeon.
             The game lasted 00:00:32 (519 turns).

KristoblXynda the Ducker (Spriggan Gladiator)        Turns: 519, Time: 00:00:32

Health: 0/15       AC:  2    Str: 10    XL:     2   Next: 13%
Magic:  3/3        EV: 18    Int:  9    God:
Gold:   20         SH:  0    Dex: 16    Spells: 1/1 levels left

rFire   . . .      SeeInvis +   a - +0 rapier
rCold   . . .      Faith    .   (shield restricted)
rNeg    . . .      Spirit   .   b - +0 robe
rPois   .          Reflect  .   c - +0 hat
rElec   .          Harm     .   (no cloak)
rCorr   .          Rampage  .   (gloves unavailable)
Will    .....                   (boots unavailable)
Stlth   ++........              (no amulet)
HPRegen 0.05/turn               (no ring)
MPRegen 0.08/turn               (no ring)

@: very quick
A: very small, no large weapons, unfitting armour, see invisible, speed 3
a: no special abilities


You were on level 1 of the Dungeon.
You visited 1 branch of the dungeon, and saw 1 of its levels.

You collected 20 gold pieces.

Inventory:

Hand Weapons
 a - a +0 rapier (weapon)
Missiles
 d - 3 throwing nets (quivered)
Armour
 b - a +0 robe (worn)
 c - a +0 hat (worn)
Scrolls
 e - a scroll of teleportation {unknown}


   Skills:
 + Level 1.8 Fighting
 + Level 3.4 Short Blades
 - Level 2.0 Throwing
 + Level 4.2 Dodging
 + Level 1.3 Stealth


You had one spell level left.
You didn't know any spells.
Your spell library was empty.

Dungeon Overview and Level Annotations

Branches:
Dungeon (1/15)

Altars:


Innate Abilities, Weirdness & Mutations

You are very small and have problems with some larger weapons.
You are too small for most types of armour.
You have supernaturally acute eyesight. (SInv)
You cover ground extremely quickly. (Speed+++)


Message History

You hit the kobold but do no damage.
The kobold is heavily wounded.
The quokka misses you. The endoplasm closely misses you.
The kobold hits you but does no damage.
You barely miss the kobold.
The kobold is heavily wounded.
The quokka barely misses you. The endoplasm freezes you.
You are frozen.
The kobold misses you.
Unknown command.
You hit the kobold but do no damage.
The kobold is heavily wounded.
The kobold closely misses you. The quokka closely misses you.
You closely miss the kobold.
The kobold is heavily wounded.
The quokka completely misses you. The kobold completely misses you.
You hit the kobold.
The kobold is severely wounded.
The quokka misses you. The kobold hits you with a +0 dagger.
You barely miss the kobold.
The kobold is severely wounded.
The quokka bites you. The kobold barely misses you.
You puncture the kobold!
You kill the kobold!
The quokka completely misses you. x2
You hit the endoplasm.
The endoplasm is moderately wounded.
The endoplasm barely misses you. The quokka bites you.
You see here a bat corpse.
You hit the endoplasm.
The endoplasm is almost dead.
The quokka closely misses you. The endoplasm freezes you.
You are frozen.
* * * LOW HITPOINT WARNING * * *
You hit the endoplasm.
You kill the endoplasm!
The quokka barely misses you. The quokka bites you.
You die...

#....# #†...# #....#
#....# #....#
#....####+####
#.....[......# ###
#..........r.###....+
####......†@)......#
######+###......#
#.......# #.......#
#.......# #.......#
#.......# #######.#


You could see a quokka.

Vanquished Creatures
  A bat (D:1)
  3 endoplasms (D:1)
  2 hobgoblins (D:1)
  A kobold (D:1)
  2 rats (D:1)
9 creatures vanquished.

Notes
Turn   | Place    | Note
-------+----------+-------------------------------------------
     0 | D:1      | KristoblXynda the Spriggan Gladiator began the quest for
                  | the Orb.
     0 | D:1      | Reached XP level 1. HP: 10/10 MP: 2/2
   421 | D:1      | Reached skill level 1 in Stealth
   495 | D:1      | Reached XP level 2. HP: 15/15 MP: 3/3
   519 | D:1      | Slain by a quokka

Illustrated notes

Levels and vault maps discovered:
D:1:      ncdulo_smallfort, layout_basic, ebering_ecumenical_altar_abandoned

Skill      XL: |  1 |
---------------+----+-----
Stealth        | 1 |  1.3
Fighting       | |  1.8
Short Blades   | |  3.4
Throwing       | |  2.0
Dodging        | |  4.2

Action                   || total
-------------------------++-------
Melee: Rapier            ||    39
 Stab: Sleeping          ||     1
Armor: Robe              ||     2
Dodge: Dodged            ||    40

Table legend: (Time is in decaauts)
 A = Elapsed time spent in this place.
 B = Non-inter-level travel time spent in this place.
 C = Inter-level travel time spent in this place.
 D = Time resting spent in this place.
 E = Time spent auto-exploring this place.
 F = Levels seen in this place.
 G = Mean time per level.
                   A        B        C        D        E       F      G
               +--------+--------+--------+--------+--------+-----+--------+
         Total |    452 |    452 |      0 |    237 |    150 |   1 |  452.0 |
       Dungeon |    452 |    452 |      0 |    237 |    150 |   1 |  452.0 |
               +--------+--------+--------+--------+--------+-----+--------+

Top non-repeatable levels by time:
     D:1: 452 daAuts
